 Dungeon Crawl Stone Soup version 0.27-a0-1308-gc08437e49b (webtiles) character file.

Game seed: 6513988513349541755

69 Lanoc the Insei (level 4, -1/33 (34) HPs)
             Began as a Demonspawn Transmuter on June 18, 2021.
             Was a Follower of Qazlal.
             Slain by diceflayer's ghost (6 damage)
             ... on level 3 of the Dungeon.
             The game lasted 00:03:15 (3396 turns).

Lanoc the Insei (Demonspawn Transmuter)             Turns: 3396, Time: 00:03:15

HP:   -1/33 (34)    AC:  2    Str: 11    XL:     4   Next: 2%
MP:   6/7           EV: 12    Int: 14    God:    Qazlal [*.....]
Gold: 79            SH:  5    Dex: 14    Spells: 4/7 levels left

rFire    . . .     SeeInvis .     - Unarmed
rCold    . . .     Faith    .   h - +0 buckler
rNeg     . . .     Spirit   .   a - +0 robe
rPois    .         Reflect  .   (helmet currently unavailable)
rElec    .         Harm     .   (no cloak)
rCorr    .         Rampage  .   (no gloves)
Will     .....                  (boots currently unavailable)
Stlth    +.........             (no amulet)
HPRegen  0.11/turn              (no ring)
MPRegen  0.10/turn              (no ring)

@: appendages (expiring), lightly drained
A: horns 2, hooves 1
a: End Transformation, Renounce Religion


You were on level 3 of the Dungeon.
You worshipped Qazlal.
Qazlal was aware of your devotion.
You had temporarily grown beastly horns.
You visited 1 branch of the dungeon, and saw 3 of its levels.

You collected 79 gold pieces.

Inventory:

Armour
 a - a +0 robe (worn)
 h - a +0 buckler (worn)
Scrolls
 b - a scroll of magic mapping {unknown}
 d - a scroll of holy word {unknown}
 f - 2 scrolls of immolation {unknown}
 g - a scroll of teleportation {unknown}
 k - 2 scrolls of identify {unknown}
 l - a scroll of acquirement {unknown}
Potions
 c - 2 potions of degeneration {unknown}
 e - 2 potions of haste {unknown}
 i - 2 potions of flight {unknown}
 j - a potion of curing {unknown}


   Skills:
 + Level 2.4 Fighting
 + Level 2.7 Dodging
 - Level 3.0 Unarmed Combat
 - Level 2.0 Spellcasting
 - Level 2.1 Transmutations


You had 4 spell levels left.
You knew the following spells:

 Your Spells              Type           Power      Damage    Failure   Level
g - Wereblood             Tmut           7%         N/A       26%         2
h - Beastly Appendage     Tmut           14%        N/A       17%         1

Your spell library contained the following spells:

 Spells                   Type           Power      Damage    Failure   Level
 Magic Dart               Conj           4%         1d3       36%         1
 Blink                    Tloc           N/A        N/A       52%         2
 Call Imp                 Summ           1%         N/A       52%         2
 Slow                     Hex            1%         N/A       52%         2
 Spider Form              Tmut/Pois      2%         N/A       58%         3
 Conjure Flame            Conj/Fire      1%         6-21      75%         3
 Mephitic Cloud           Conj/Pois/Air  1%         N/A       75%         3
 Ice Form                 Ice/Tmut       4%         N/A       94%         4


Dungeon Overview and Level Annotations

Branches:
Dungeon (3/15)

Altars:
Qazlal

Annotations:
D:3 diceflayer's ghost, amateur MiBe


Innate Abilities, Weirdness & Mutations

You have temporarily grown beastly horns.
You have large cloven feet.


Message History

You block the kobold's attack.
You hit the kobold but do no damage. Your kick misses the kobold.
Your transformation is almost over.
The kobold hits you with a +0 club.
You barely miss the kobold. Your kick misses the kobold.
You headbutt the kobold.
You kill the kobold!
Qazlal accepts your kill.
No target in view!
Your horns disappear.
Things that are here:
a +0 club; 2 stones Diceflayer's ghost turns its malevolent gaze towards you.
Found a runed translucent door.
Casting: Beastly Appendage (safe; 17% risk of failure)
Confirm with . or Enter, or press ? or * to list all spells.
You grow a pair of large bovine horns.
You open the door. You hit diceflayer's ghost. You headbutt diceflayer's ghost.
Diceflayer's ghost is lightly damaged.
Diceflayer's ghost hits you!
You hit diceflayer's ghost.
Diceflayer's ghost is lightly damaged.
Diceflayer's ghost hits you!
You are too injured to fight recklessly!
You are too injured to fight recklessly!
You closely miss diceflayer's ghost. Your kick misses diceflayer's ghost.
You headbutt diceflayer's ghost.
Diceflayer's ghost is moderately damaged.
Diceflayer's ghost hits you!
* * * LOW HITPOINT WARNING * * *
You closely miss diceflayer's ghost. Your kick misses diceflayer's ghost.
Diceflayer's ghost is moderately damaged.
Your transformation is almost over.
Diceflayer's ghost closely misses you.
You barely miss diceflayer's ghost. You headbutt diceflayer's ghost.
Diceflayer's ghost is moderately damaged.
Diceflayer's ghost is engulfed in blazing flames.
Diceflayer's ghost hits you.
You die...

#........#
#.......[##
#............
#........####
#.....####
#...).#♣8♣#
#.....#./.#
#.....##W##
#.......@.#
######...##
#####


You could see diceflayer's ghost.

Vanquished Creatures
  2 adders (D:2)
  A worm (D:3)
  A dart slug (D:1)
  4 ball pythons
  7 endoplasms
  6 goblins
  2 hobgoblins
  4 quokkas
  3 bats
  5 frilled lizards
  4 kobolds
  2 rats (D:1)
41 creatures vanquished.

Notes
Turn   | Place    | Note
-------+----------+-------------------------------------------
     0 | D:1      | Lanoc the Demonspawn Transmuter began the quest for the
                  | Orb.
     0 | D:1      | Reached XP level 1. HP: 15/15 MP: 3/3
   553 | D:1      | Lost mutation: You have razor-sharp toenails. [demonic
                  | ancestry]
   553 | D:1      | Lost mutation: You have sharp toenails. [demonic ancestry]
   553 | D:1      | Gained mutation: You have large cloven feet. [demonic
                  | ancestry]
   553 | D:1      | Reached XP level 2. HP: 17/21 MP: 3/5
   564 | D:1      | Learned a level 2 spell: Wereblood
   809 | D:1      | Reached skill level 3 in Unarmed Combat
  1526 | D:2      | Found a faded altar of an unknown god.
  1533 | D:2      | Became a worshipper of Qazlal Stormbringer
  1533 | D:2      | Reached * piety under Qazlal
  1583 | D:2      | Reached XP level 3. HP: 22/27 MP: 4/6
  3283 | D:3      | Reached XP level 4. HP: 27/32 MP: 5/7
  3386 | D:3      | Found a runed translucent door.
  3386 | D:3      | Noticed diceflayer's ghost (amateur MiBe)
  3396 | D:3      | Slain by diceflayer's ghost

Illustrated notes

Levels and vault maps discovered:
D:1:      dpeg_arrival_rooms_c, layout_loops_corners
D:2:      layout_basic, ebering_ecumenical_altar_mist, hex_large,
          serial_park_tiny_2, kennysheep_nub, minivault_4, minmay_pentomino_w2
D:3:      layout_basic, gammafunk_ghost_grave, uniq_crazy_yiuf_cottage,
          uniq_jessica

Skill      XL: |  1  2  3 |
---------------+----------+-----
Transmutations | 2 |  2.1
Dodging        | 2 |  2.7
Unarmed Combat | 3 |  3.0
Fighting       | 2 |  2.4
Spellcasting   | |  2.0

Action                   |  1- 3 |  4- 6 || total
-------------------------+-------+-------++-------
Melee: Unarmed           |   125 |     7 ||   132
       Kick              |    28 |       ||    28
       Headbutt          |     8 |     4 ||    12
 Cast: Beastly Appendage |    26 |     2 ||    28
       Wereblood         |     1 |       ||     1
 Stab: Sleeping          |     1 |       ||     1
Armor: Robe              |    17 |       ||    17
Dodge: Dodged            |    60 |     1 ||    61
Block: Buckler           |    10 |     1 ||    11

Table legend: (Time is in decaauts)
 A = Elapsed time spent in this place.
 B = Non-inter-level travel time spent in this place.
 C = Inter-level travel time spent in this place.
 D = Time resting spent in this place.
 E = Time spent auto-exploring this place.
 F = Levels seen in this place.
 G = Mean time per level.
                   A        B        C        D        E       F      G
               +--------+--------+--------+--------+--------+-----+--------+
         Total |   3393 |   3370 |     23 |      0 |   3065 |   3 | 1131.0 |
       Dungeon |   3393 |   3370 |     23 |      0 |   3065 |   3 | 1131.0 |
               +--------+--------+--------+--------+--------+-----+--------+

Top non-repeatable levels by time:
     D:1: 1430 daAuts
     D:2: 1276 daAuts
     D:3: 687 daAuts
